[Event "Titled Tuesday Blitz January 04 2022"]
[White "Perez Ponsa, Federico"]
[Black "Paravyan, David"]
[WhiteFideId "117927"]
[BlackFideId "4194985"]
[WhiteElo "2672"]
[BlackElo "2569"]
[Result "0-1"]
[Round "09"]
[TimeControl "180+1"]
[Date "2022.01.04"]
[WhiteClock "0:00:09"]
[BlackClock "0:00:08"]

1. e4 e5 2. Nf3 Nc6 3. Nc3 Nf6 4. d4 exd4 5. Nxd4 Bb4 6. Nxc6 bxc6 7. Bd3 O-O 8. O-O d5 9. Bd2 Bxc3 10. Bxc3 dxe4 11. Bxf6 Qxf6 12. Bxe4 Qxb2 13. Bxc6 Rb8 14. Rb1 Qxb1 15. Qxb1 Rxb1 16. Rxb1 Rd8 17. Be4 Kf8 18. Bd3 Be6 19. a3 c5 20. Rd1 Ke7 21. f3 c4 22. Be2 Rb8 23. Rd4 Rb1+ 24. Kf2 Rc1 25. Bxc4 Rxc2+ 26. Be2 Bd7 27. Ke3 Ra2 28. Re4+ Kf8 29. Rd4 Rxa3+ 30. Kf4 Be6 31. Bd3 h6 32. h4 Ke7 33. g4 a5 34. h5 Ra1 35. Bb5 Rb1 36. Bc6 Rb4 37. Ke3 Rxd4 38. Kxd4 Kd6 39. Ba4 Bd5 40. Bd1 Bc6 41. f4 f6 42. Kc4 Bd7 43. Be2 a4 44. Bf3 Bc6 45. Bd1 Be8 46. Bf3 Bd7 47. Bd1 Be6+ 48. Kb4 Kd5 49. f5 Bd7 50. Bxa4 Bxa4 51. Kxa4 Ke4 52. Kb5 Kf4 53. Kc5 Kxg4 54. Kd6 Kxf5 55. Ke7 Kg5 56. Kf7 f5 57. Kxg7 f4 0-1


[Site "https://www.chess.com"]

[Event "Titled Tuesday Blitz January 04 2022"]
[White "Pichot, Alan"]
[Black "Padmini, Rout"]
[WhiteFideId "110973"]
[BlackFideId "5029295"]
[WhiteElo "2543"]
[BlackElo "2181"]
[Result "1-0"]
[Round "09"]
[TimeControl "180+1"]
[Date "2022.01.04"]
[WhiteClock "0:02:12"]
[BlackClock "0:02:12"]

1. e4 c5 2. Nf3 Nc6 3. d4 cxd4 4. Nxd4 g6 5. c4 Bg7 6. Be3 Nf6 7. Nc3 O-O 8. Be2 d6 9. O-O Bd7 10. h3 Nxd4 11. Bxd4 Bc6 12. Qc2 a5 13. Rad1 a4 14. Rfe1 Qa5 15. Bf1 Rfc8 16. Qb1 Nd7 17. Nd5 Bxd5 18. exd5 Bf6 19. Qe4 Nc5 20. Qf4 Kg7 21. Rxe7 1-0


[Site "https://www.chess.com"]

[Event "Titled Tuesday Blitz January 04 2022"]
[White "Rychagov, Andrey"]
[Black "Omelja, Artem"]
[WhiteFideId "4119932"]
[BlackFideId "14119846"]
[WhiteElo "2500"]
[BlackElo "2418"]
[Result "1-0"]
[Round "09"]
[TimeControl "180+1"]
[Date "2022.01.04"]
[WhiteClock "0:01:16"]
[BlackClock "0:00:12"]

1. d4 d5 2. c4 c6 3. Nf3 Nf6 4. Nc3 e6 5. e3 Nbd7 6. Qc2 Bd6 7. b3 O-O 8. Be2 Re8 9. Bb2 dxc4 10. bxc4 e5 11. O-O Qc7 12. h3 exd4 13. exd4 Nf8 14. Rfe1 Ng6 15. Bf1 Bd7 16. Ng5 Bf8 17. c5 h6 18. Nxf7 Kxf7 19. Bc4+ Nd5 20. Nxd5 cxd5 21. Bxd5+ Kf6 22. Bb3 Bf5 23. Qc3 Nf4 24. d5+ Kg6 25. d6 Bxd6 26. Qg3+ Kh5 27. cxd6 Qxd6 28. Bd1+ Qxd1 29. Raxd1 Ne2+ 30. Rxe2 Rxe2 31. Qf3+ Bg4 32. Qxg4# 1-0


[Site "https://www.chess.com"]

[Event "Titled Tuesday Blitz January 04 2022"]
[White "Sanal, Vahap"]
[Black "Grischuk, Alexander"]
[WhiteFideId "6300545"]
[BlackFideId "4126025"]
[WhiteElo "2603"]
[BlackElo "2762"]
[Result "0-1"]
[Round "09"]
[TimeControl "180+1"]
[Date "2022.01.04"]
[WhiteClock "0:00:04"]
[BlackClock "0:00:47"]

1. e4 c6 2. Nf3 d5 3. d3 dxe4 4. dxe4 Qxd1+ 5. Kxd1 Nf6 6. Nbd2 g6 7. Ne5 Be6 8. f3 Bh6 9. Ndc4 Bxc1 10. Kxc1 Nbd7 11. a4 a5 12. b3 Nxe5 13. Nxe5 Nd7 14. Nd3 f6 15. Kb2 O-O-O 16. f4 Kc7 17. g3 Bg4 18. Bg2 e5 19. Rae1 h5 20. Rhf1 Be6 21. h4 Rhf8 22. Rf2 Bg4 23. Ref1 Kd6 24. Rd2 Ke7 25. Nf2 Be6 26. Nd3 Nc5 27. Bf3 Rd4 28. Re1 Rfd8 29. Re3 b5 30. axb5 cxb5 31. fxe5 fxe5 32. Rd1 Nxd3+ 33. Rexd3 Rxd3 34. cxd3 Rf8 35. Bh1 Rf2+ 36. Ka3 b4+ 37. Ka4 Ra2+ 38. Kb5 Bxb3 39. Rc1 Bc2 40. Kc4 b3 0-1


[Site "https://www.chess.com"]

[Event "Titled Tuesday Blitz January 04 2022"]
[White "Sarana, Alexey"]
[Black "Deac, Bogdan-Daniel"]
[WhiteFideId "24133795"]
[BlackFideId "1226380"]
[WhiteElo "2665"]
[BlackElo "2646"]
[Result "1-0"]
[Round "09"]
[TimeControl "180+1"]
[Date "2022.01.04"]
[WhiteClock "0:00:09"]
[BlackClock "0:00:01"]

1. d4 d5 2. c4 c6 3. Nf3 Nf6 4. Nc3 e6 5. e3 Nbd7 6. Qc2 b6 7. Bd3 Bb7 8. O-O dxc4 9. Bxc4 c5 10. Rd1 Qc8 11. Ne5 cxd4 12. Bb5 a6 13. Nxd7 Nxd7 14. Bxd7+ Qxd7 15. exd4 Be7 16. d5 Bxd5 17. Nxd5 exd5 18. Be3 b5 19. Qb3 O-O 20. Rxd5 Qe6 21. Rad1 Bf6 22. Qc2 Rfd8 23. Rxd8+ Rxd8 24. Rxd8+ Bxd8 25. b3 h6 26. g3 Bb6 27. Bxb6 Qxb6 28. Qe4 g6 29. h4 h5 30. Kf1 Qd6 31. Ke2 Qa3 32. Qc2 Kf8 33. Kf3 Qd6 34. Qc8+ Kg7 35. Qc3+ Kg8 36. Ke3 Qa3 37. Qd2 Kf8 38. Kf4 Qe7 39. Qd4 Kg8 40. a4 bxa4 41. bxa4 a5 42. Kf3 Kh7 43. Kg2 Qb7+ 44. Kf1 Qb3 45. Ke2 Qc2+ 46. Ke3 Qb3+ 47. Kf4 Qe6 48. Qc5 Qf6+ 49. Ke3 Qe6+ 50. Kd4 Qb3 51. Qxa5 Qb2+ 52. Ke3 Qb3+ 53. Ke2 Qc2+ 54. Kf3 1-0


[Site "https://www.chess.com"]

[Event "Titled Tuesday Blitz January 04 2022"]
[White "Saveljev, Vladislav"]
[Black "Kamsky, Gata"]
[WhiteFideId "4128494"]
[BlackFideId "2000024"]
[WhiteElo "2331"]
[BlackElo "2645"]
[Result "0-1"]
[Round "09"]
[TimeControl "180+1"]
[Date "2022.01.04"]
[WhiteClock "0:00:06"]
[BlackClock "0:00:53"]

1. Nf3 d5 2. g3 Nf6 3. Bg2 Bf5 4. O-O c6 5. c4 e6 6. d3 dxc4 7. dxc4 Qxd1 8. Rxd1 Nbd7 9. Nc3 h6 10. Be3 Bb4 11. Rac1 O-O 12. a3 Be7 13. Bd4 Rfd8 14. Rd2 Nc5 15. Bxc5 Bxc5 16. Rcd1 Rxd2 17. Rxd2 a5 18. Ne5 g5 19. Nd7 Be7 20. Nb6 Rd8 21. Rxd8+ Bxd8 22. Nc8 Ne8 23. Be4 Kf8 24. Kf1 Bh3+ 25. Ke1 Bf6 26. Kd2 Be5 27. Kc2 Nd6 28. Nxd6 Bxd6 29. Na4 e5 30. c5 Bc7 31. b4 axb4 32. axb4 Be6 33. Nb2 f5 34. Bd3 e4 35. Bc4 Ke7 36. Bxe6 Kxe6 37. Nc4 f4 38. g4 Kd5 39. Kc3 f3 40. exf3 Bxh2 41. fxe4+ Kxe4 42. Nd6+ Kf3 43. Nxb7 Kxg4 44. Nd8 h5 45. Nxc6 h4 46. Nd4 h3 47. Ne2 Be5+ 48. Kd3 h2 0-1


[Site "https://www.chess.com"]

[Event "Titled Tuesday Blitz January 04 2022"]
[White "Seo, Jung Min"]
[Black "Babazada, Khazar"]
[WhiteFideId "1734687"]
[BlackFideId "13413554"]
[WhiteElo "2401"]
[BlackElo "2418"]
[Result "1/2-1/2"]
[Round "09"]
[TimeControl "180+1"]
[Date "2022.01.04"]
[WhiteClock "0:00:03"]
[BlackClock "0:00:23"]

1. e4 Nf6 2. e5 Nd5 3. d4 Nb6 4. c4 d6 5. exd6 cxd6 6. Be3 g6 7. Nc3 Bg7 8. h3 O-O 9. Nf3 Bf5 10. Be2 d5 11. c5 Nc4 12. Bc1 Nc6 13. O-O b6 14. b3 N4a5 15. cxb6 axb6 16. Be3 Be4 17. Qd2 Bxf3 18. Bxf3 e6 19. Rfd1 Nb7 20. Rac1 Rc8 21. Nb5 Nd6 22. Nxd6 Qxd6 23. Be2 Ne7 24. Bd3 Qa3 25. h4 Nc6 26. Bb1 h5 27. g3 Rfe8 28. Rc3 Qb4 29. Rd3 Qxd2 30. R3xd2 Ne7 31. Rc2 Rxc2 32. Bxc2 Rc8 33. Bd3 Rc3 34. Kf1 Nc6 35. Bb1 Na7 36. Rd3 Rc8 37. Rd1 Nb5 38. Bd3 Nd6 39. Ke2 Kf8 40. Kd2 Ke7 41. a4 Nb7 42. Rc1 Rxc1 43. Kxc1 Nd6 44. Kc2 Kd7 45. Kc3 Kc6 46. b4 b5 47. a5 Nc4 48. Be2 Bf8 49. Bf4 Bg7 50. Be3 e5 51. Bxc4 bxc4 52. dxe5 Bxe5+ 53. Bd4 f6 54. a6 Kc7 55. b5 Kc8 56. b6 Kb8 57. b7 Kc7 58. f4 Bxd4+ 59. Kxd4 f5 60. Kc3 Kb8 61. Kb4 Ka7 62. Kc3 Kb8 63. Kd4 Kc7 64. Kc3 Kb8 1/2-1/2


[Site "https://www.chess.com"]

[Event "Titled Tuesday Blitz January 04 2022"]
[White "Shipov, Sergei"]
[Black "Sadhwani, Raunak"]
[WhiteFideId "4113624"]
[BlackFideId "35093487"]
[WhiteElo "2782"]
[BlackElo "2616"]
[Result "0-1"]
[Round "09"]
[TimeControl "180+1"]
[Date "2022.01.04"]
[WhiteClock "0:00:27"]
[BlackClock "0:00:45"]

1. d4 Nf6 2. c4 g6 3. Nc3 Bg7 4. e4 d6 5. Be2 O-O 6. g4 c5 7. g5 Nfd7 8. d5 a6 9. a4 e6 10. h4 exd5 11. exd5 b5 12. axb5 Nb6 13. Bf4 Re8 14. Kf1 Bf5 15. Bd3 Bxd3+ 16. Qxd3 Nxc4 17. Nge2 Nxb2 18. Qc2 Nc4 19. Kg2 Nb6 20. h5 Be5 21. Bxe5 Rxe5 22. f4 Re3 23. hxg6 fxg6 24. Rh6 Ra7 25. bxa6 Nxa6 26. Nb5 Nb4 27. Qd2 Nc4 28. Rxa7 Nxd2 29. Ng3 Re7 0-1


[Site "https://www.chess.com"]

[Event "Titled Tuesday Blitz January 04 2022"]
[White "Sjugirov, Sanan"]
[Black "Bodnar, Nikolay"]
[WhiteFideId "4189302"]
[BlackFideId "14106469"]
[WhiteElo "2602"]
[BlackElo "2296"]
[Result "1-0"]
[Round "09"]
[TimeControl "180+1"]
[Date "2022.01.04"]
[WhiteClock "0:00:05"]
[BlackClock "0:00:29"]

1. e4 c5 2. Nf3 d6 3. Bb5+ Bd7 4. Bxd7+ Nxd7 5. c3 Ngf6 6. Qe2 e6 7. d4 cxd4 8. cxd4 d5 9. e5 Ne4 10. O-O Be7 11. Nbd2 Nxd2 12. Bxd2 O-O 13. g3 Qb6 14. Bc3 h6 15. a3 Rac8 16. Kg2 Qa6 17. Qxa6 bxa6 18. Rfc1 Nb6 19. b3 Rc6 20. Bb2 Rfc8 21. Rxc6 Rxc6 22. Rc1 Rxc1 23. Bxc1 a5 24. a4 Bb4 25. h4 Kf8 26. h5 Ke7 27. Kf1 Nd7 28. Ke2 Nb8 29. Kd3 Nc6 30. g4 a6 31. Be3 Kd7 32. Kc2 Ke7 33. Ng1 f6 34. exf6+ Kxf6 35. Nf3 Bd6 36. Kd3 Nb4+ 37. Ke2 Nc6 38. Bd2 Bc7 39. Kd3 Bd6 40. Bc3 Bb4 41. Bb2 Bd6 42. Bc1 Nb4+ 43. Ke2 Nc6 44. Be3 Bb4 45. Nh4 Bc3 46. Kd3 Bb4 47. Ng6 Bd6 48. Bd2 Bb4 49. Bf4 Be1 50. f3 Nb4+ 51. Ke2 Bc3 52. Be3 Nc6 53. Kd3 Bb4 54. Bf2 Bd6 55. Bh4+ Kf7 56. Be1 Bb4 57. Bg3 Ba3 58. Ne5+ Nxe5+ 59. Bxe5 Bb4 60. Bf4 Kf6 61. Be5+ Kf7 62. Ke3 Bc3 63. Bd6 Be1 64. Ke2 Bc3 65. Kd3 Be1 66. Ke3 Bc3 67. f4 Kf6 68. Bc5 Be1 69. Ke2 Bc3 70. Kd3 Be1 71. Ke3 Bc3 72. Bd6 Be1 73. Ba3 Bc3 74. Bd6 Be1 75. Be5+ Kf7 76. Kd3 Bb4 77. g5 Be1 78. g6+ Kf8 79. Ke3 Bb4 80. Kf3 Bd2 81. Kg4 Bb4 82. f5 Be7 83. fxe6 Bb4 84. Kf5 Be7 85. Bf4 Bf6 86. Bd6+ Ke8 87. Be5 1-0


[Site "https://www.chess.com"]

[Event "Titled Tuesday Blitz January 04 2022"]
[White "Smirnov, Timofey"]
[Black "Kucuksari, Kaan"]
[WhiteFideId "24176427"]
[BlackFideId "6380166"]
[WhiteElo "2320"]
[BlackElo "2305"]
[Result "1-0"]
[Round "09"]
[TimeControl "180+1"]
[Date "2022.01.04"]
[WhiteClock "0:00:04"]
[BlackClock "0:00:46"]

1. e4 c5 2. Nf3 e6 3. d4 cxd4 4. Nxd4 a6 5. Nc3 Qc7 6. Be2 Nf6 7. Be3 d6 8. g4 Nc6 9. g5 Nd7 10. Qd2 b5 11. O-O-O Bb7 12. Ndxb5 axb5 13. Nxb5 Qb8 14. Nxd6+ Bxd6 15. Qxd6 Qxd6 16. Rxd6 Ke7 17. Rhd1 Rhd8 18. a3 f6 19. Bb5 Nce5 20. f4 Ra5 21. gxf6+ gxf6 22. fxe5 Rxb5 23. exf6+ Kxf6 24. Rxd7 Rxd7 25. Rxd7 Bxe4 26. c4 Rb3 27. Bd4+ e5 28. Bc3 Rb8 29. Rd6+ Kf5 30. a4 Bf3 31. a5 e4 32. Kd2 Kf4 33. Rf6+ Kg5 34. a6 Rd8+ 35. Ke3 Rd3+ 36. Kf2 Bh1 37. Re6 Kf4 38. a7 Rd8 39. Rf6+ Kg5 40. Rb6 Kf4 41. Rb8 e3+ 42. Ke1 Rd7 43. Rf8+ Ke4 44. a8=Q+ Kd3 45. Qxh1 Ra7 46. Qd5+ Kc2 47. Ke2 Ra1 48. Qd3+ Kb3 49. Bd4+ Ka2 50. Bxe3 Rc1 51. Ra8+ Kxb2 52. Bxc1+ Kxc1 53. Ra1+ Kb2 54. Rb1+ 1-0


[Site "https://www.chess.com"]

[Event "Titled Tuesday Blitz January 04 2022"]
[White "Svane, Frederik"]
[Black "Tasev, Dejan"]
[WhiteFideId "12923044"]
[BlackFideId "936618"]
[WhiteElo "2459"]
[BlackElo "2253"]
[Result "1-0"]
[Round "09"]
[TimeControl "180+1"]
[Date "2022.01.04"]
[WhiteClock "0:00:08"]
[BlackClock "0:00:13"]

1. e4 c6 2. Nf3 d5 3. exd5 cxd5 4. d4 Nc6 5. c3 Bg4 6. h3 Bxf3 7. Qxf3 e6 8. Bd3 Bd6 9. O-O Nge7 10. Re1 O-O 11. Bg5 Qd7 12. Nd2 f6 13. Be3 e5 14. Bc2 e4 15. Qe2 f5 16. f4 g5 17. Rf1 Ng6 18. g3 gxf4 19. gxf4 Kh8 20. Bb3 Nce7 21. Kh1 Rg8 22. Qh5 Qc7 23. Qh6 Rg7 24. Rf2 Rag8 25. Rg1 b5 26. Rgg2 a5 27. a3 b4 28. axb4 axb4 29. c4 Qd7 30. cxd5 Rc8 31. Rf1 Ng8 32. Qg5 h6 33. Qh5 Kh7 34. Rfg1 Nf6 35. Qe2 Rcg8 36. Qf2 Nh5 37. Nc4 Nhxf4 38. Bxf4 Nxf4 39. Rxg7+ Rxg7 40. Rxg7+ Kxg7 41. Ne5 Bxe5 42. dxe5 Nxh3 43. Qg3+ Ng5 44. e6 Qa7 45. Qe5+ Kg6 46. e7 Qa1+ 47. Kg2 Kh5 48. e8=Q+ Kg4 49. Qg3# 1-0


[Site "https://www.chess.com"]

[Event "Titled Tuesday Blitz January 04 2022"]
[White "Sychev, Klementy"]
[Black "Florescu, Codrut-Constantin"]
[WhiteFideId "4114060"]
[BlackFideId "1202200"]
[WhiteElo "2564"]
[BlackElo "2243"]
[Result "1-0"]
[Round "09"]
[TimeControl "180+1"]
[Date "2022.01.04"]
[WhiteClock "0:00:05"]
[BlackClock "0:00:11"]

1. b3 d5 2. Bb2 Nf6 3. Nf3 g6 4. c4 c6 5. g3 Bg7 6. Bg2 O-O 7. O-O a5 8. Nc3 d4 9. Na4 d3 10. exd3 Qxd3 11. Nb6 Ra6 12. Nxc8 Rxc8 13. Re1 e6 14. Bd4 Rd8 15. Re3 Qf5 16. Re5 Qd3 17. Bf1 Qxd4 18. Nxd4 Rxd4 19. Re2 c5 20. Bg2 Rad6 21. Bxb7 Nbd7 22. Bg2 e5 23. Qc2 h5 24. Bh3 Ng4 25. Rd1 f5 26. d3 e4 27. Ree1 Nde5 28. Bxg4 hxg4 29. dxe4 Nf3+ 30. Kf1 Nxe1 31. Rxd4 Nxc2 32. Rxd6 Kf7 33. exf5 gxf5 34. Rd5 Ke6 35. Rxc5 Bc3 36. Ke2 Bb4 37. Rc8 Nd4+ 38. Ke3 Nf3 39. h4 Ne5 40. h5 Kf6 41. c5 Ba3 42. c6 Bc1+ 43. Ke2 Ke6 44. c7 Kd7 45. Re8 1-0


[Site "https://www.chess.com"]

[Event "Titled Tuesday Blitz January 04 2022"]
[White "Tanenbaum, Zachary"]
[Black "Jobava, Baadur"]
[WhiteFideId "2060850"]
[BlackFideId "13601520"]
[WhiteElo "2168"]
[BlackElo "2617"]
[Result "0-1"]
[Round "09"]
[TimeControl "180+1"]
[Date "2022.01.04"]
[WhiteClock "0:00:07"]
[BlackClock "0:02:09"]

1. e4 c6 2. d4 d5 3. exd5 cxd5 4. Bd3 Nf6 5. c3 Bg4 6. Qb3 Qc7 7. Bg5 e6 8. Nd2 h6 9. Bh4 Bd6 10. Ngf3 Nc6 11. Bg3 Bxg3 12. hxg3 O-O-O 13. O-O-O Kb8 14. Kb1 Rc8 15. Rde1 Bxf3 16. Nxf3 Rhd8 17. Ne5 Rd6 18. f4 Na5 19. Qc2 Rb6 20. Ka1 Nc6 21. Qd2 Na5 22. g4 Ne8 23. g5 hxg5 24. fxg5 Nd6 25. Rh7 g6 26. Rf1 Nac4 27. Bxc4 Nxc4 28. Nxc4 Qxc4 29. Rfxf7 a5 30. a3 a4 31. Qf2 Ka7 32. Rf8 Rxf8 33. Qxf8 Qe2 34. Qb4 Qd1+ 35. Ka2 Rxb4 36. cxb4 Qb3+ 37. Kb1 Qd1+ 38. Ka2 Qxd4 39. Rh3 Qc4+ 40. Kb1 Qf1+ 41. Ka2 Qxg2 42. Rc3 Qxg5 43. b5 d4 44. Rc4 Qd5 45. b6+ Kxb6 46. b3 axb3+ 47. Kxb3 d3 48. a4 d2 49. a5+ Kb5 50. a6 Qxc4+ 51. Ka3 d1=Q 52. axb7 Qdb3# 0-1


[Site "https://www.chess.com"]

[Event "Titled Tuesday Blitz January 04 2022"]
[White "Tregubov, Pavel V."]
[Black "Terry, Renato"]
[WhiteFideId "4115341"]
[BlackFideId "3803457"]
[WhiteElo "2341"]
[BlackElo "2577"]
[Result "1-0"]
[Round "09"]
[TimeControl "180+1"]
[Date "2022.01.04"]
[WhiteClock "0:00:21"]
[BlackClock "0:00:01"]

1. e4 g6 2. d4 Bg7 3. Nc3 c6 4. Nf3 d5 5. h3 Nh6 6. Be2 f6 7. O-O Nf7 8. Re1 O-O 9. Bf1 e6 10. Be3 Nd7 11. Qd2 Re8 12. Rad1 b5 13. a3 Nb6 14. b3 Bf8 15. Qc1 a5 16. exd5 exd5 17. Bf4 Rxe1 18. Rxe1 Ra7 19. Nh2 Re7 20. Rxe7 Qxe7 21. a4 bxa4 22. Nxa4 Nxa4 23. bxa4 Qb4 24. Qa1 Bf5 25. Ng4 Bxc2 26. Nxf6+ Kh8 27. Qc1 Bxa4 28. Bd2 Qd6 29. Ng4 Bg7 30. Qa1 Bc2 31. Bxa5 c5 32. Qc1 Bf5 33. dxc5 Qb8 34. c6 Nd6 35. c7 Qc8 36. Qc5 Nb7 37. Qxd5 Nxa5 38. Qxa5 h5 39. Ne3 Be6 40. Bc4 Bd7 41. Qb6 Kh7 42. Bd3 Be8 43. Nc4 Qd7 44. Nd6 Be5 45. c8=Q 1-0


[Site "https://www.chess.com"]

[Event "Titled Tuesday Blitz January 04 2022"]
[White "Tsydypov, Zhamsaran"]
[Black "Theodorou, Nikolas"]
[WhiteFideId "4108566"]
[BlackFideId "4262875"]
[WhiteElo "2614"]
[BlackElo "2472"]
[Result "1-0"]
[Round "09"]
[TimeControl "180+1"]
[Date "2022.01.04"]
[WhiteClock "0:00:37"]
[BlackClock "0:00:02"]

1. e4 e5 2. Nf3 Nc6 3. d4 exd4 4. Nxd4 Bb4+ 5. c3 Bc5 6. Nf5 d5 7. Nxg7+ Kf8 8. Nh5 Qh4 9. Ng3 Nf6 10. exd5 Ne5 11. Be3 Bxe3 12. fxe3 Rg8 13. Qd4 Nfg4 14. Nd2 Qh6 15. O-O-O Nxe3 16. Qxe5 Nxd1 17. Kxd1 Bg4+ 18. Kc2 Rg5 19. Qh8+ Rg8 20. Qd4 Rd8 21. Bd3 c6 22. Qb4+ Qd6 23. Qxd6+ Rxd6 24. Nde4 Rdg6 25. Rf1 R8g7 26. Nf6 Rh6 27. d6 Rxh2 28. d7 Rxg2+ 29. Kc1 Bxd7 30. Nxd7+ Ke8 31. Nf6+ Kd8 32. Nfh5 Rg5 33. Rxf7 Re5 34. Be4 Rh2 35. Rxb7 Ra5 36. a3 c5 37. Rxh7 c4 38. Rb7 a6 39. Kb1 Rg5 40. Rb4 Rf2 41. Rxc4 a5 42. Rd4+ Kc7 43. Rd5 1-0


[Site "https://www.chess.com"]

[Event "Titled Tuesday Blitz January 04 2022"]
[White "Xiong, Jeffery"]
[Black "Kravtsiv, Martyn"]
[WhiteFideId "2047640"]
[BlackFideId "14113147"]
[WhiteElo "2727"]
[BlackElo "2694"]
[Result "1/2-1/2"]
[Round "09"]
[TimeControl "180+1"]
[Date "2022.01.04"]
[WhiteClock "0:00:08"]
[BlackClock "0:00:06"]

1. d4 d5 2. c4 e6 3. Nf3 Nf6 4. Nc3 Nbd7 5. cxd5 exd5 6. Bg5 Bb4 7. e3 c5 8. Bd3 Qa5 9. O-O c4 10. Bc2 Bxc3 11. bxc3 Qxc3 12. Rc1 Qa5 13. Ne5 O-O 14. Nxd7 Nxd7 15. Qh5 g6 16. Qf3 f6 17. Bh6 Rf7 18. e4 Nb6 19. Rfe1 Be6 20. h4 Re8 21. Qg3 dxe4 22. Bxe4 Qh5 23. Bd2 Bd5 24. Bxd5 Rxe1+ 25. Rxe1 Qxd5 26. Re8+ Rf8 27. Qb8 Qf7 28. Rxf8+ Qxf8 29. Qxa7 Qd6 30. Qxb7 Qxd4 31. Be3 Qd1+ 32. Kh2 Qd6+ 33. g3 Nd5 34. Qc8+ Kg7 35. Bc5 Ne7 36. Bxd6 Nxc8 37. Bb4 Nb6 38. Kg2 Kf7 39. Kf3 Nd5 40. Be1 f5 41. a4 Ke6 42. a5 Kd7 43. g4 Kc6 44. h5 Kb5 45. gxf5 gxf5 46. Ke2 Ka6 47. Bd2 c3 48. Be1 Kxa5 49. Kd3 Kb5 50. Kd4 c2 51. Bd2 Nb4 52. Kc3 c1=Q+ 53. Bxc1 Na2+ 54. Kb2 Nxc1 55. Kxc1 Kc4 56. Kd2 Kd4 57. h6 Ke4 58. Kc3 Kf4 59. Kd4 Kg5 60. Ke5 f4 61. f3 Kxh6 62. Kxf4 Kg6 63. Kg3 Kf6 64. Kh4 Kf5 65. Kh5 Kf4 66. Kh6 Kxf3 67. Kxh7 1/2-1/2


[Site "https://www.chess.com"]

[Event "Titled Tuesday Blitz January 04 2022"]
[White "Yoo, Christopher Woojin"]
[Black "Sargsyan, Anna M."]
[WhiteFideId "30909694"]
[BlackFideId "13308130"]
[WhiteElo "2105"]
[BlackElo "2271"]
[Result "1/2-1/2"]
[Round "09"]
[TimeControl "180+1"]
[Date "2022.01.04"]
[WhiteClock "0:00:06"]
[BlackClock "0:00:11"]

1. e4 e5 2. Nf3 Nc6 3. Bb5 a6 4. Ba4 Nf6 5. d4 exd4 6. O-O b5 7. Bb3 Be7 8. e5 Ne4 9. Bd5 Nc5 10. Nxd4 Bb7 11. Nf5 O-O 12. Qg4 g6 13. Re1 Ne6 14. Nc3 Kh8 15. Nxe7 Qxe7 16. Bh6 Rfe8 17. Ne4 Nxe5 18. Qg3 Nc6 19. Qc3+ f6 20. Qxf6+ Qxf6 21. Nxf6 Red8 22. Nxd7 Ned4 23. Bxc6 Bxc6 24. Ne5 Bd5 25. Bg5 Nxc2 26. Bxd8 Rxd8 27. a4 Nxe1 28. Rxe1 bxa4 29. Rd1 Kg7 30. Nc6 Rd6 31. Nb4 Bb7 32. Rc1 a5 33. Na2 c5 34. Nc3 Bc6 35. f3 Rd2 36. Ra1 Rxb2 37. Nxa4 Rc2 38. Nb6 a4 39. Nxa4 Bxa4 40. Rxa4 c4 41. Ra7+ Kh6 42. Rc7 c3 43. h4 g5 44. Rc6+ Kh5 45. hxg5 Kxg5 46. Rc4 h5 47. Kh2 Kf5 48. Kh3 Ke5 49. g4 hxg4+ 50. fxg4 Kd5 51. Rc8 Rc1 52. g5 Kd4 53. Kg2 Re1 54. Kg3 Rg1+ 55. Kf4 Kd3 56. Kf5 c2 57. g6 c1=Q 58. Rxc1 Rxc1 59. g7 Rg1 60. Kf6 Ke4 61. Kf7 Rf1+ 62. Kg6 Rg1+ 63. Kf7 Ke5 64. g8=Q Rxg8 65. Kxg8 1/2-1/2


[Site "https://www.chess.com"]

[Event "Titled Tuesday Blitz January 04 2022"]
[White "Zhigalko, Sergei"]
[Black "Liyanage, Ranindu Dilshan"]
[WhiteFideId "13502956"]
[BlackFideId "9915834"]
[WhiteElo "2662"]
[BlackElo "1858"]
[Result "1-0"]
[Round "09"]
[TimeControl "180+1"]
[Date "2022.01.04"]
[WhiteClock "0:00:06"]
[BlackClock "0:00:11"]

1. e4 c5 2. Nf3 Nc6 3. c3 Nf6 4. e5 Nd5 5. Bc4 Nb6 6. Bb3 e6 7. d4 cxd4 8. cxd4 d6 9. exd6 Bxd6 10. Nc3 O-O 11. O-O Be7 12. Be3 Nd5 13. Rc1 Ncb4 14. Ne5 Bd7 15. Qf3 Nxc3 16. bxc3 Nc6 17. Nxd7 Qxd7 18. Rfd1 Na5 19. d5 Nxb3 20. axb3 exd5 21. Rxd5 Qc6 22. c4 Bf6 23. Rcd1 a5 24. Rd7 Qxf3 25. gxf3 a4 26. bxa4 Rxa4 27. c5 Rb4 28. R1d6 h5 29. Rb6 Rxb6 30. cxb6 Rb8 31. Bf4 Ra8 32. Rxb7 Bd4 33. Be3 Bxe3 34. fxe3 g6 35. Ra7 Rb8 36. b7 Kg7 37. Kg2 Kf6 38. Kg3 Kg7 39. Kf4 Kf6 40. Ra6+ Ke7 41. Rb6 f6 42. h4 Kf7 43. e4 Ke7 44. e5 fxe5+ 45. Kxe5 Kd7 46. Rxg6 Rxb7 47. Rg7+ Kc8 48. Rxb7 Kxb7 49. Kf6 Kc6 50. Kg6 Kd6 51. Kxh5 Ke5 52. Kg6 Kf4 53. h5 1-0


[Site "https://www.chess.com"]

[Event "Titled Tuesday Blitz January 04 2022"]
[White "Zverev, Lev"]
[Black "Harutjunyan, Gevorg"]
[WhiteFideId "24250775"]
[BlackFideId "13300873"]
[WhiteElo "2156"]
[BlackElo "2498"]
[Result "0-1"]
[Round "09"]
[TimeControl "180+1"]
[Date "2022.01.04"]
[WhiteClock "0:00:01"]
[BlackClock "0:00:06"]

1. e4 c6 2. d4 d5 3. e5 Bf5 4. Nf3 e6 5. Be2 Ne7 6. O-O c5 7. dxc5 Nec6 8. c4 d4 9. Bd3 Bxd3 10. Qxd3 Bxc5 11. Bg5 Be7 12. Bxe7 Qxe7 13. Nbd2 Nd7 14. Nxd4 Ndxe5 15. Qc3 O-O 16. Nxc6 Nxc6 17. Rad1 Rac8 18. Ne4 e5 19. Nd6 Rc7 20. Rfe1 Nd4 21. Ne4 Rfc8 22. c5 Qe6 23. b4 Qxa2 24. Nd6 Ne2+ 25. Rxe2 Qxe2 26. Re1 Qa2 27. Nxc8 Rxc8 28. Qxe5 h6 29. Qd4 a5 30. b5 Qc2 31. c6 bxc6 32. b6 Qb3 33. h4 Rb8 34. h5 a4 35. Re3 Qd5 36. Qxa4 Rxb6 37. Re8+ Kh7 38. Qc2+ f5 39. f4 Qd4+ 40. Kh1 Qxf4 41. Qd1 Rb4 42. Kg1 Rc4 43. Qd8 Rc1+ 0-1


[Site "https://www.chess.com"]

[Event "Titled Tuesday Blitz January 04 2022"]
[White "Aggelis, Nikolaos"]
[Black "Yoo, Christopher Woojin"]
[WhiteFideId "4213220"]
[BlackFideId "30909694"]
[WhiteElo "2154"]
[BlackElo "2105"]
[Result "0-1"]
[Round "10"]
[TimeControl "180+1"]
[Date "2022.01.04"]
[WhiteClock "0:00:10"]
[BlackClock "0:00:06"]

1. d4 Nf6 2. g3 d5 3. Nf3 e6 4. Bg2 Be7 5. O-O O-O 6. c4 dxc4 7. Qc2 b5 8. a4 b4 9. Nbd2 Bb7 10. Nxc4 c5 11. dxc5 Be4 12. Qb3 Bxc5 13. Be3 Bxe3 14. Qxe3 Nc6 15. Rfd1 Qe7 16. Nfe5 Bxg2 17. Kxg2 Rfc8 18. Rac1 Nxe5 19. Nxe5 Qb7+ 20. Qf3 Nd5 21. Nc4 Qa6 22. Ne5 Qb7 23. Nc4 Rc7 24. Nd6 Qb6 25. Nc4 Qa6 26. Ne5 Qd6 27. Nc4 Qe7 28. e4 Nf6 29. e5 Nd5 30. Ne3 Nxe3+ 31. Qxe3 Rac8 32. Qxa7 h5 33. Rxc7 Rxc7 34. Qd4 Rc2 35. h4 Qb7+ 36. Kg1 Qf3 37. Rd2 Rc1+ 38. Kh2 Rh1# 0-1


[Site "https://www.chess.com"]

[Event "Titled Tuesday Blitz January 04 2022"]
[White "Albornoz Cabrera, Carlos Daniel"]
[Black "Darini, Pouria"]
[WhiteFideId "3518736"]
[BlackFideId "12502200"]
[WhiteElo "2490"]
[BlackElo "2489"]
[Result "0-1"]
[Round "10"]
[TimeControl "180+1"]
[Date "2022.01.04"]
[WhiteClock "0:00:27"]
[BlackClock "0:00:08"]

1. e4 c5 2. Nf3 d6 3. Bb5+ Nd7 4. O-O a6 5. Bd3 Ngf6 6. Re1 b6 7. c3 Bb7 8. Bc2 e5 9. d4 Be7 10. a4 O-O 11. Na3 cxd4 12. cxd4 Rc8 13. Bg5 h6 14. Bh4 Re8 15. Bd3 exd4 16. Nxd4 Ne5 17. Nf5 Ng6 18. Bg3 Bf8 19. f3 d5 20. e5 Nh5 21. e6 Bc5+ 22. Bf2 Bxf2+ 23. Kxf2 Rxe6 24. Rxe6 fxe6 25. Nxh6+ gxh6 26. Bxg6 Nf4 27. Bc2 Qf6 28. Qd2 Rf8 29. Rd1 Kh8 30. g3 Nh3+ 31. Kg2 Ng5 32. f4 d4+ 33. Kf2 e5 34. Nc4 exf4 35. Qxd4 Nh3+ 36. Ke2 Re8+ 37. Kd3 Rd8 38. Qxd8+ Qxd8+ 39. Kc3 Qf6+ 40. Kb3 f3 41. Rd7 b5 42. axb5 axb5 43. Rh7+ Kg8 44. Ne3 Qe6+ 45. Kb4 Qxe3 46. Rxb7 f2 47. Bb3+ Qxb3+ 48. Kxb3 f1=Q 49. Rb8+ Kf7 50. Rb7+ Ke6 51. Rb6+ Kd5 0-1


[Site "https://www.chess.com"]